 Dungeon Crawl Stone Soup version 0.28.0-45-g0d030f2227 (webtiles) character file.

Game seed: 14635061333776431861

37 MortyMaxwell the Magician (level 3, -1/25 HPs)
             Began as a Djinni Conjurer on Apr 11, 2022.
             Slain by an adder (4 damage)
             ... on level 2 of the Dungeon.
             The game lasted 00:06:50 (1688 turns).

MortyMaxwell the Magician (Djinni Conjurer)         Turns: 1688, Time: 00:06:51

Health: -1/25      AC:  2    Str:  6    XL:     3   Next: 62%
Gold:   45         EV: 12    Int: 21    God:
                   SH:  0    Dex: 11

rFire   + + .      SeeInvis .   (no weapon)
rCold   x . .      Faith    .   (no shield)
rNeg    . . .      Spirit   .   a - +0 robe
rPois   ∞          Reflect  .   (no helmet)
rElec   .          Harm     .   (no cloak)
rCorr   .          Rampage  .   (no gloves)
Will    .....                   (boots unavailable)
Stlth   ++........              (no amulet)
HPRegen 0.08/turn               (no ring)
MPRegen 0.00/turn               (no ring)

@: flying
A: sickness immunity, fire resistance 2, cold vulnerability 1, float, innate
caster, HP casting, extra vitality 1
a: no special abilities


You were on level 2 of the Dungeon.
You visited 1 branch of the dungeon, and saw 2 of its levels.

You collected 45 gold pieces.

Inventory:

Missiles
 c - 2 datura-tipped darts (quivered)
Armour
 a - a +0 robe (worn)


   Skills:
 * Level 2.4 Dodging
 * Level 1.7 Stealth
 * Level 4.0 Spellcasting


You couldn't memorise any spells.
You knew the following spells:

 Your Spells              Type           Power      Damage    Failure   Level
a - Magic Dart            Conj           84%        1d7       2%          1
b - Searing Ray           Conj           42%        2d6       3%          2
c - Dazzling Flash        Conj/Hex       42%        N/A       7%          3
d - Fulminant Prism       Conj/Hex       10%        3d9       22%         4
e - Iskenderun's Mystic   Conj/Tloc      21%        2d6       22%         4
f - Animate Skeleton      Necr           42%        N/A       2%          1
Your spell library was empty.

Dungeon Overview and Level Annotations

Branches:
Dungeon (2/15)

Altars:


Innate Abilities, Weirdness & Mutations

You are immune to sickness and miasma.
You are immune to poison.
Your flesh is very heat resistant. (rF++)
You are vulnerable to cold. (rC-)
You float through the air rather than walking.
You learn spells naturally, not from books.
Your magical power is your life essence.
You have superior vitality. (+4 MHP)


Message History

A dart slug comes into view.
Found 6 poisoned darts.
The dart slug launches a dart at you. The slug dart hits you.
* * * LOW HITPOINT WARNING * * *
A bat comes into view.
The dart slug launches a dart at you. The slug dart misses you.
You aren't carrying any potions.
The bat closely misses you.
Casting: Searing Ray (safe; 3% risk of failure)
Confirm with . or Enter, or press ? or * to list all spells.
Aiming: Magic Dart (safe; 2% risk of failure)
Press: ? - help, Shift-Dir - straight line, f - bat
Aim: a bat (100% to hit)
The magic dart hits the bat but does no damage.
The adder hisses angrily.
* * * LOW HITPOINT WARNING * * *
The bat hits you but does no damage.
Casting: Magic Dart (safe; 2% risk of failure)
Confirm with . or Enter, or press ? or * to list all spells.
Aiming: Magic Dart (safe; 2% risk of failure)
Press: ? - help, Shift-Dir - straight line, f/p - bat
Aim: a bat (100% to hit)
The magic dart hits the bat.
The bat is severely wounded.
* * * LOW HITPOINT WARNING * * *
The bat barely misses you.
Casting: Magic Dart (safe; 2% risk of failure)
Confirm with . or Enter, or press ? or * to list all spells.
Aiming: Magic Dart (safe; 2% risk of failure)
Press: ? - help, Shift-Dir - straight line, f/p - bat
Aim: a bat (severely wounded, 100% to hit)
The magic dart hits the bat.
You kill the bat!
* * * LOW HITPOINT WARNING * * *
The dart slug launches a dart at you. The slug dart misses you.
The adder bites you.
You die...

#.# #.......... ...
#.#...w....
#.#####.#........
#.....K........##
#...w...)......
#w###....##..#. #.#
#....# ####.# #.†..#
..#w# #@S..# #.#K#
#....# #.#.# #....#
#...# #...$.. # #.###
#...##.# #.#####K#
#...# .# #.......#
#...##.#.#
#(.#.########...#....#
# #....K............


You could see a worm, an adder, a dart slug and a kobold.

Vanquished Creatures
  A dart slug (D:1)
  A ball python (D:2)
  An endoplasm (D:2)
  2 giant cockroaches (D:1)
  3 goblins (D:1)
  4 hobgoblins (D:1)
  3 jackals (D:1)
  4 kobolds (D:1)
  2 quokkas (D:1)
  5 bats
  A frilled lizard (D:1)
  3 rats (D:1)
30 creatures vanquished.

Vanquished Creatures (others)
  A jackal (D:1)
  A rat (D:2)
2 creatures vanquished.

Grand Total: 32 creatures vanquished

Notes
Turn   | Place    | Note
-------+----------+-------------------------------------------
     0 | D:1      | MortyMaxwell the Djinni Conjurer began the quest for the
                  | Orb.
     0 | D:1      | Reached XP level 1. HP: 15/15 MP: 0/0
    52 | D:1      | Reached XP level 2. HP: 12/21 MP: 0/0
  1006 | D:1      | Reached XP level 3. HP: 17/25 MP: 0/0
  1006 | D:1      | Learned a level 1 spell: Animate Skeleton
  1329 | D:1      | Reached skill level 4 in Spellcasting
  1688 | D:2      | Slain by an adder

Illustrated notes

Levels and vault maps discovered:
D:1:      erik_arrival_blinker_ship, layout_loops_corners, nrook_uturn,
          chequers_serial_rivers_micro_e
D:2:      layout_loops_ring, minmay_lizard_pond

Skill      XL: |  1  2  3 |
---------------+----------+-----
Spellcasting   | 4 |  4.0
Dodging        | |  2.4
Stealth        | |  1.7

Action                   || total
-------------------------++-------
Throw: Dart              ||     2
 Cast: Magic Dart        ||    21
       Searing Ray       ||    17
  Use: Scroll            ||     3
Armor: Robe              ||     1
Dodge: Dodged            ||    12
